 Dungeon Crawl Stone Soup version 0.31-a0-841-g038b102fc3 (webtiles) character file.

Game seed: 2991214925002548500

588658 demibob the Conqueror (level 25, -16/254 (257) HPs)
             Began as a White Draconian Chaos Knight on Sept 27, 2023.
             Was the Champion of Jiyva.
             Demolished by an Orb Guardian (28 damage)
             ... on level 5 of the Realm of Zot on Sept 28, 2023.
             The game lasted 02:15:16 (53275 turns).

demibob the Conqueror (DrCK)                       Turns: 53275, Time: 02:15:16

HP:   -16/254 (257) AC: 23    Str: 19    XL:     25   Next: 60%
MP:   15/20         EV: 16    Int:  9    God:    Jiyva [******]
Gold: 4898          SH:  0    Dex: 17    Spells: 24/24 levels left

rFire   + + +        a - +8 mithril axe "Arga" {speed, Will+}
rCold   + + .        P - +5 kite shield {rF+}
rNeg    . . .        (body armour unavailable)
rPois   +            S - +2 hat {Will+}
rElec   +            c - +4 dragonskin cloak
rCorr   +            O - +0 pair of gloves {Str+3}
SInv    .            Y - +2 pair of boots {rampage}
Will    +++..        H - amulet of the Madman {Reflect rElec rCorr Int-5 SH+5}
Stlth   ++           x - ring "Ucoasuva" {EV+5 Slay+3}
HPRegen 2.22/turn    K - ring of Qecob {rPois rF++ rC+ rCorr Dex-3}
MPRegen 0.67/turn

%: reflection, rampage
@: confused, about to teleport, ambrosia-drunk, marked, held, constricted,
studying 2 skills, lightly drained
A: breathe frost, AC +12, unfitting armour, cold resistance 1, cold-blooded,
stinger 2, talons 1, fire resistance 3, low MP 1, wild magic 1, pseudopods 2,
translucent skin 1, tendrils, jelly sensing items, jelly absorbing missiles,
inability to drink after injury 1, MP-powered wands, noise suppression
}: 4/15 runes: decaying, slimy, silver, gossamer
a: Breathe Frost, Renounce Religion, Oozemancy, Slimify


You were on level 5 of the Realm of Zot.
You worshipped Jiyva.
Jiyva was exalted by your worship.
You visited 10 branches of the dungeon, and saw 52 of its levels.
You also visited: Sewer, Bailey, Gauntlet and Ice Cave.

You collected 6918 gold pieces.
You spent 2020 gold pieces at shops.


Innate Abilities, Weirdness & Mutations

You can breathe waves of freezing cold which knock back foes.
Your icy white scales are hard. (AC +12)
You cannot fit into any form of body armour.
Your flesh is cold resistant. (rC+)
You are cold-blooded and may be slowed by cold attacks.
Your tail ends in a sharp venomous barb.
You have sharp toenails.
Your flesh is almost immune to the effects of heat. (rF+++)
Your magical capacity is low. (-10% MP)
Your spells are a little harder to cast, but a little more powerful.
Armour fits poorly on your large pseudopods.
Your translucent skin slightly reduces your foes' accuracy. (Stealth+)
You are covered in slimy tendrils that may disarm your opponents.
You have a small jelly attached to you that senses nearby items.
You have a small jelly attached to you that may absorb projectiles.
You occasionally lose the ability to drink potions when taking damage.
You expend magic power (3 MP) to strengthen your wands.
You passively dampen the noise of your surroundings.


   Skills:
 O Level 27 Fighting
 - Level 18.0 Axes
 + Level 26.0 Dodging
 - Level 16.5 Shields
 - Level 9.2 Unarmed Combat
 + Level 16.9 Evocations


You had 24 spell levels left.
You didn't know any spells.
Your spell library contained the following spells:

 Spells                   Type           Power      Damage    Failure   Level
 Apportation              Tloc           0%         N/A       61%         1
 Freeze                   Ice            0%         1d3       61%         1
 Kiss of Death            Conj/Necr      0%         2d5       61%         1
 Necrotise                Necr           0%         1d4       61%         1
 Shock                    Conj/Air       0%         1d3       61%         1
 Summon Small Mammal      Summ           0%         N/A       61%         1
 Blink                    Tloc           0%         N/A       75%         2
 Cigotuvi's Dreadful Rot  Necr/Pois/Air  0%         N/A       75%         2
 Ensorcelled Hibernation  Hex/Ice        0%         N/A       75%         2
 Jinxbite                 Hex            0%         N/A       75%         2
 Lesser Beckoning         Tloc           0%         N/A       75%         2
 Passwall                 Tmut/Erth      0%         N/A       75%         2
 Poisonous Vapours        Pois/Air       0%         N/A       75%         2
 Scorch                   Fire           0%         2d5       75%         2
 Static Discharge         Conj/Air       0%         2-2/arc   75%         2
 Sublimation of Blood     Necr           0%         N/A       75%         2
 Wereblood                Tmut           0%         N/A       75%         2
 Call Canine Familiar     Summ           0%         N/A       92%         3
 Dazzling Flash           Conj/Hex       0%         N/A       92%         3
 Frozen Ramparts          Ice            0%         1d1       92%         3
 Gell's Gravitas          Tloc           0%         N/A       92%         3
 Hailstorm                Conj/Ice       0%         3d3       92%         3
 Ignite Poison            Fire/Tmut/Pois 0%         N/A       92%         3
 Mephitic Cloud           Conj/Pois/Air  0%         N/A       92%         3
 Sigil of Binding         Hex            0%         N/A       92%         3
 Swiftness                Air            0%         N/A       92%         3
 Teleport Other           Tloc           0%         N/A       92%         3
 Tukima's Dance           Hex            0%         N/A       92%         3
 Vampiric Draining        Necr           0%         2d6       92%         3
 Volatile Blastmotes      Fire/Tloc      0%         2d10      92%         3
 Airstrike                Air            0%         2d(0-16)  100%        4
 Anguish                  Hex/Necr       0%         N/A       100%        4
 Animate Dead             Necr           0%         N/A       100%        4
 Dimensional Bullseye     Hex/Tloc       0%         N/A       100%        4
 Dispel Undead            Necr           0%         3d6       100%        4
 Flame Wave               Conj/Fire      0%         2d4       100%        4
 Fulminant Prism          Conj/Hex       0%         3d5       100%        4
 Iskenderun's Mystic Bla  Conj/Tloc      0%         2d3       100%        4
 Leda's Liquefaction      Hex/Erth       0%         N/A       100%        4
 Manifold Assault         Tloc           0%         N/A       100%        4
 Olgreb's Toxic Radiance  Pois           0%         N/A       100%        4
 Passage of Golubria      Tloc           0%         N/A       100%        4
 Summon Lightning Spire   Summ/Air       0%         N/A       100%        4
 Agony                    Necr           0%         N/A       100%        5
 Freezing Cloud           Conj/Ice/Air   0%         6-21      100%        5
 Silence                  Hex/Air        0%         N/A       100%        5
 Summon Mana Viper        Hex/Summ       0%         N/A       100%        5
 Bombard                  Conj/Erth      0%         9d1       100%        6
 Conjure Ball Lightning   Conj/Air       0%         3x3d6     100%        6
 Death Channel            Necr           0%         N/A       100%        6
 Dispersal                Tloc           0%         N/A       100%        6
 Starburst                Conj/Fire      0%         6d3       100%        6
 Summon Cactus Giant      Summ           0%         N/A       100%        6
 Haunt                    Necr/Summ      0%         N/A       100%        7
 Summon Hydra             Summ           0%         N/A       100%        7
 Discord                  Hex            0%         N/A       100%        8
 Disjunction              Tloc           0%         N/A       100%        8
 Ignition                 Fire           0%         3d3       100%        8
 Infestation              Necr           0%         N/A       100%        8
 Lehudib's Crystal Spear  Conj/Erth      0%         10d2      100%        8
 Maxwell's Capacitive Co  Air            0%         ∞         100%        8
 Chain Lightning          Conj/Air       0%         N/A       100%        9
 Death's Door             Necr           0%         N/A       100%        9
 Fire Storm               Conj/Fire      0%         5d1       100%        9
 Shatter                  Erth           0%         3d5*      100%        9
 Animate Armour           Summ/Erth      Unusable   N/A       N/A         4

Inventory:

Hand Weapons
 a - the +8 mithril axe "Arga" (weapon) {speed, Will+}
   (You found it on level 5 of the Dungeon)

   Will+:     It increases your willpower.
Missiles
 B - a throwing net {=f}
Armour
 c - the +4 dragonskin cloak (worn)
   (You took it off Tiamat on level 4 of the Realm of Zot)

   Avatar's Aegis: It grants the wearer a chance to resist fire, cold, poison,
   electricity, acid, and negative energy.
 D - the scarf of Noedon {harm, Int+4}
   (You found it on level 3 of the Elven Halls)

   Int+4:     It affects your intelligence (+4).
 G - a +1 cloak of willpower
 O - a +0 pair of gloves of strength (worn)
 P - a +5 kite shield of fire resistance (worn)
 S - a +2 hat of willpower (worn)
 X - the +4 pair of gloves of the Immovable Heavens {Harm rF- MP+9}
   (You acquired it on level 3 of the Elven Halls)

   rF-:       It makes you vulnerable to fire.
   MP+9:      It affects your magic capacity (+9).
   Harm:      It increases damage dealt and taken.
 Y - a +2 pair of boots of rampaging (worn)
Jewellery
 f - a ring of fire
 v - a ring of see invisible
 x - the ring "Ucoasuva" (left hand) {EV+5 Slay+3}
   (You acquired it on level 8 of the Dungeon)

   [ring of evasion]

   EV+5:      It affects your evasion (+5).
   Slay+3:    It affects your accuracy & damage with ranged weapons and melee
   (+3).
 C - a ring of protection from cold
 F - a ring of protection from fire
 H - the amulet of the Madman (around neck) {Reflect rElec rCorr Int-5 SH+5}
   (You found it on level 2 of the Depths)

   [amulet of reflection]

   Reflect:   It reflects blocked missile attacks.
   Int-5:     It affects your intelligence (-5).
   rElec:     It insulates you from electricity.
   rCorr:     It protects you from acid and corrosion.
   SH+5:      It affects your SH (+5).
 K - the ring of Qecob (right hand) {rPois rF++ rC+ rCorr Dex-3}
   (You found it in a Gauntlet)

   [ring of resist corrosion]

   Dex-3:     It affects your dexterity (-3).
   rF++:      It greatly protects you from fire.
   rC+:       It protects you from cold.
   rPois:     It protects you from poison rCorr: It protects you from acid and
   corrosion.
 L - a ring of flight
 T - a +4 ring of protection
 W - the ring of Segadgh {Ice MP-9 Str+8 Int+2 Dex+3}
   (You found it on level 5 of the Pits of Slime)

   [ring of ice]

   Ice:       It enhances your ice magic.
   Str+8:     It affects your strength (+8).
   Int+2:     It affects your intelligence (+2).
   Dex+3:     It affects your dexterity (+3).
   rF-:       It makes you vulnerable to fire.
   rC+:       It protects you from cold.
   MP-9:      It affects your magic capacity (-9).
Wands
 j - a wand of iceblast (37)
 n - a wand of flame (107)
 o - a wand of quicksilver (41)
 p - a wand of digging (26)
 q - a wand of charming (59)
 y - a wand of polymorph (3)
 U - a wand of mindburst (4)
Scrolls
 d - 2 scrolls of brand weapon
 e - 4 scrolls of vulnerability
 l - 2 scrolls of torment
 r - 10 scrolls of teleportation {@r2}
 s - 6 scrolls of fear
 z - 10 scrolls of enchant weapon
 J - 5 scrolls of poison
 M - 3 scrolls of revelation
 V - a scroll of immolation
Potions
 g - 2 potions of magic
 h - a potion of mutation
 i - 2 potions of ambrosia
 k - 4 potions of resistance
 t - 3 potions of invisibility
 w - 2 potions of haste {@q3}
 E - 5 potions of enlightenment
 I - 7 potions of attraction
Miscellaneous
 m - a box of beasts
 A - a phial of floods
 N - a lightning rod (4/4)
 Q - a condenser vane
 Z - a phantom mirror

Dungeon Overview and Level Annotations

Branches:
Dungeon (15/15)            Temple (0/1) D:5            Lair (5/5) D:8
  Swamp (4/4) Lair:2       Spider (4/4) Lair:2        Slime (5/5) Lair:5
    Orc (2/2) D:9             Elf (3/3) Orc:2        Vaults (5/5) D:14
  Crypt (0/3) Vaults:2     Depths (4/4) D:15            Zot (5/5) Depths:4
  Sewer (visited)          Bailey (visited)           IceCv (visited)
Gauntlet (visited)

Altars:
Ashenzari
Cheibriados
Elyvilon
Fedhas
Hepliaklqana
Kikubaaqudgha
Makhleb
Nemelex Xobeh
Ru
Sif Muna
Trog
Xom
Yredelemnul
Zin
Jiyva

Shops:
D:3 !   D:9 [(   Orc:2 [*[*   Elf:1 *=   Elf:2 (   Vaults:1 [   Vaults:2 *
Vaults:3 [   Depths:1 *   Depths:3 ?(=

Portals:
Hell: Depths:1 Depths:2 Depths:3 Depths:4
Abyss: Depths:3 Depths:4
Pandemonium: Depths:2
Ziggurat: Depths:1
Gauntlet: Lair:5

Annotations:
D:4 2 transporters, TheScarfBastard's ghost, amateur DrBe
D:7 1 runed translucent door, Crazy Yiuf
Lair:5 exclusion: obsidian statue
Slime:5 Royal Jelly
Elf:2 3 runed translucent doors
Zot:1 4 transporters
Zot:4 2 transporters, liarliar's ghost, veteran DrCj

████..§......,,,,,,**
▒▒█............,,,,,,,**
*▒..............,,,,,,,,* *******
*...........§...,,,,,,,,,
,^,,,,***...............^,,,,,,,,
,,,,,,^**...........X...,,,,,,,,*
,,,,,,,,*...^.§§L§X.....,,,,,,,**
,^,,,,,,,Xp..§§XX{X.....,,,,,,**
,,,,,,,,*...✱.§X@X§.....,,,,,,,**
,,,,,,,**....§§X§✱§§.^..,,,,,,,,*
,,,,,^***.....§§§§§.....,,,,,,,,,
******* *...............,,,,,,,,,
*█...........^..,,^,,,,,*
███............,,,,,,,**
████..^.....p,,,,****
██████████*****


You could see 2 orbs of fire, a Killer Klown, 2 tentacled monstrosities, an
ancient lich (fast) and 6 Orb Guardians.


Message History

The Orb Guardian hits you!
* * * LOW HITPOINT WARNING * * *
The tentacled monstrosity closely misses you. x3
The tentacled monstrosity barely misses you.
Something touches you.
* * * LOW HITPOINT WARNING * * *
The Orb Guardian hits you but does no damage. x2
An Orb Guardian comes into view.
The Orb Guardian closely misses you. The Orb Guardian hits you!!
* * * LOW HITPOINT WARNING * * *
An Orb Guardian comes into view.
Okay, then.
Enter note: die here yeah?
You are confused.
You feel invigorated. The tentacled monstrosity misses you.
The tentacled monstrosity closely misses you.
The tentacled monstrosity tentacle-slaps you but does no damage.
The tentacled monstrosity grabs you.
The tentacled monstrosity constricts you.
* * * LOW HITPOINT WARNING * * *
Something touches you but does no damage.
The Orb Guardian hits you!!
* * * LOW HITPOINT WARNING * * *
The Orb Guardian hits you but does no damage.
The Orb Guardian hits you.
* * * LOW HITPOINT WARNING * * *
The Orb Guardian is engulfed in blazing flames.
The Orb Guardian hits you!!
You die...
Xom chortles!

Skill      XL: |  1  2  3  4  5  6  7  8  9 10 11 12 13 14 15 16 17 18 19 20 21 22 23 24 25 |
---------------+----------------------------------------------------------------------------+-----
Unarmed Combat | 4 5 6 8 9 |  9.2
Axes           | 3 7 9 11 13 15 17 18 | 18.0
Fighting       | 10 13 14 15 18 20 21 23 25 26 27 | 27.0
Shields        | 6 10 12 15 16 | 16.5
Dodging        | 3 8 11 14 15 17 19 20 22 23 25 26 | 26.0
Evocations     | 2 8 10 11 15 16 | 16.9

Action                     |  1- 3 |  4- 6 |  7- 9 | 10-12 | 13-15 | 16-18 | 19-21 | 22-24 | 25-27 || total
---------------------------+-------+-------+-------+-------+-------+-------+-------+-------+-------++-------
  Melee: Unarmed           |   182 |   175 |   204 |       |       |       |       |       |       ||   561
         Tailslap          |    26 |    24 |    36 |    78 |   234 |   296 |   387 |   583 |   121 ||  1785
         Punch             |     4 |     1 |    11 |     7 |       |       |       |       |       ||    23
         Broad axe         |       |       |   131 |   475 |  1062 |  1511 |  1807 |  2108 |   527 ||  7621
         Headbutt          |       |       |       |    30 |   271 |   351 |       |       |       ||   652
         Bite              |       |       |       |       |       |   176 |       |       |       ||   176
         Pseudopods        |       |       |       |       |       |       |   274 |   833 |   189 ||  1296
 Invoke: Oozemancy         |       |       |       |       |       |       |       |       |     1 ||     1
Ability: Breathe Frost     |       |       |    11 |    12 |     4 |     4 |     1 |       |       ||    32
  Evoke: Wand              |       |       |       |    12 |     1 |     2 |       |     4 |       ||    19
         Condenser vane    |       |       |       |       |     2 |     2 |     2 |     1 |       ||     7
         Box of beasts     |       |       |       |       |     1 |     1 |       |       |       ||     2
    Use: Scroll            |     4 |     3 |     8 |    12 |    12 |    11 |    17 |     7 |     5 ||    79
         Potion            |       |     1 |     1 |     4 |     9 |     7 |     7 |     5 |    10 ||    44
   Stab: Sleeping          |     2 |       |       |       |       |     2 |     6 |     5 |     1 ||    16
         Invisible         |       |     2 |     4 |       |    16 |     3 |     3 |       |       ||    28
         Paralysed         |       |       |     3 |     1 |       |       |       |       |       ||     4
         Confused          |       |       |       |     9 |     2 |       |       |     1 |       ||    12
         Distracted        |       |       |       |     1 |     4 |     2 |     3 |     6 |       ||    16
         Petrified         |       |       |       |       |     3 |       |       |       |       ||     3
         Petrifying        |       |       |       |       |     1 |       |       |       |       ||     1
 Armour: Skin              |    74 |    90 |   193 |   194 |   272 |   433 |   420 |   469 |   196 ||  2341
  Dodge: Dodged            |   117 |    79 |   161 |   215 |   345 |   719 |   668 |   994 |   298 ||  3596
  Block: Kite shield       |       |       |       |   169 |   451 |   939 |  1062 |  1449 |   384 ||  4454
         Reflection        |       |       |       |       |       |    25 |    90 |    25 |     7 ||   147

Levels and vault maps discovered:
D:1:      sevenhm_arrival_forest_fort_small_4, layout_basic
D:2:      layout_basic, serial_corexii_hall, corexii_hall_statues_deadend,
          chequers_hall_statues_corner_a, chequers_serial_rivers_small_b
D:3:      layout_rooms, bloody_makhleb, serial_shops, shop,
          minmay_misc_feat_columns, st_stairs_8, uniq_terence
D:4:      layout_basic, mainiacjoe_overflow_concentric_impassable,
          mainiacjoe_overflow_24_doors, gammafunk_ghost_arena,
          minmay_manual_mandibuliform
D:5:      layout_basic, minmay_temple_entry_butterflies, uniq_prince_ribbit1
D:6:      layout_rooms, minitemple, portal_sewer_entry_b
D:7:      layout_basic, minmay_statues_item, kennysheep_generic_room_16,
          uniq_crazy_yiuf_cottage
D:8:      layout_rooms, lair_entry_dummy, minmay_fire_ice_demons
D:9:      layout_roguey, kennysheep_mini_moat, orc_david_3, enter_bailey_4,
          nicolae_letterblocks [nicolae_letter_subblock,
          nicolae_letter_subblock, nicolae_letter_subblock,
          nicolae_letter_subblock, nicolae_letter_subblock,
          nicolae_letter_subblock, nicolae_letter_subblock,
          nicolae_letter_subblock, nicolae_letter_subblock,
          nicolae_letter_subblock, nicolae_letter_subblock,
          nicolae_letter_subblock, nicolae_letter_subblock,
          nicolae_letter_subblock, nicolae_letter_subblock,
          nicolae_letter_subblock, nicolae_letter_subblock,
          nicolae_letter_subblock, nicolae_letter_subblock,
          nicolae_letter_subblock, nicolae_letter_subblock,
          nicolae_letter_subblock, nicolae_letter_subblock,
          nicolae_letter_subblock, nicolae_letter_subblock]
D:10:     layout_loops_cross, uniq_erolcha
D:11:     layout_irregular_city, chequers_serial_rivers_micro_d, nicolae_wwwww
D:12:     layout_basic
D:13:     layout_small_grid, chequers_serial_rivers_micro_a
D:14:     layout_long_grid, lightli_vaults_fourway_checkpoint, zin_angel
D:15:     gammafunk_enter_depths_forms, layout_irregular_city,
          evilmike_ruin_ashenzari, uniq_josephine
Lair:1:   layout_chaotic_city, basic_altar, minmay_shattered_shrine,
          uniq_fannar, uniq_gastronok
Lair:2:   layout_chaotic_city, nicolae_swamp_entry_splash_gauntlet,
          hellmonk_spider_entry_life_and_decay, serial_bayou_shore_a,
          infiniplex_staircase_pool_2, lemuel_fruit_fields
Lair:3:   layout_regular_city, basic_altar, hibernation_bobbens
Lair:4:   layout_cave_pods, beast_lair_carwin_11, lemuel_fruit_fields,
          uniq_rupert, uniq_kirke
Lair:5:   due_jungle_book, layout_big_grid, slime_entry_1,
          gauntlet_entry_generic, grunt_forest_large_clearings
Swamp:1:  layout_basic_swamp, serial_swamp_ruin, evilmike_swamp_ruin_house_6,
          evilmike_swamp_ruin_house_2, infiniplex_staircase_pool
Swamp:2:  layout_basic_swamp, evilmike_swamp_ruin_house_1
Swamp:3:  layout_basic_swamp, hellmonk_ghost_happy_afterlife,
          evilmike_swamp_ruin_house_3
Swamp:4:  nzn_swamp_witches_coven, layout_basic_swamp, beargit_kiku_chapel,
          uniq_mlioglotl, uniq_mara, uniq_bai_suzhen
Spider:1: layout_spider_delve, portal_ice_cave_entry_frozen_things, drop_trap,
          spiders_nest_hornet_nest, uniq_nikola
Spider:2: layout_chambers, uniq_arachne, uniq_asterion
Spider:3: spiders_nest_scorpion_pit, nicolae_spider_world_wide_web
Spider:4: grunt_spider_rune_parallel, beargit_elvish_explorers
Slime:1:  layout_caves
Slime:2:  layout_caves
Slime:3:  layout_caves
Slime:4:  layout_caves
Slime:5:  slime_pit_nicolae_inversion
Orc:1:    layout_caves
Orc:2:    st_orc_ogre_mass, layout_caves, basic_altar, uniq_maurice
Elf:1:    layout_rooms, hangedman_elf_disciples, hangedman_corner_corridor,
          minmay_shoptagon, lemuel_upstairs_altar
Elf:2:    nicolae_elf_blades_splatter_lattice [mumra_blade_entry_bloodbath],
          layout_geoelf_diagonals, serial_shops, nicolae_shop_back_alley_shop
Elf:3:    nooodl_elf_gasket, layout_gridlike, palyth_stone_intersect,
          hangedman_elven_crosses_minicolossus
Vaults:1: vaults_room_ringed_pool, nicolae_vaults_shrinking_rooms_1,
          nicolae_vaults_tetromino_Z_2, nicolae_vaults_sesquioval_fish,
          nicolae_vaults_offset_grid_hallway_1, nicolae_vaults_tetromino_L_2,
          vaults_room_hallway, vaults_dpeg_diagonal,
          nicolae_vaults_mini_display_case, vaults_dpeg_hooks,
          layout_vaults_chaotic_city, serial_shops, nicolae_shop_crystal,
          uniq_zenata
Vaults:2: hangedman_vaults_stream, nicolae_vaults_an_arrangement,
          nicolae_vaults_closet_pinwheel_1, minmay_crypt_entry_necro_gods,
          vaults_dpeg_cross, v_misc_4, ontoclasm_vaults_ligature, v_pattern_2,
          v_misc_9, serial_ice_h, hangedman_vaults_maws,
          nicolae_vaults_apartment_2, layout_vaults_omnibox, serial_shops, shop
Vaults:3: vaults_dpeg_emergency_exit, hangedman_vaults_trim,
          vaults_room_hangedman_quadrants, nicolae_vaults_closet_pinwheel_2,
          grunt_vaults_hallway_short, ontoclasm_vaults_ring_large, v_misc_18,
          vaults_standard_mumra_lines, nicolae_vaults_network_quinsquares
          [nicolae_vaults_network_quincunx_subvault,
          nicolae_vaults_network_quincunx_subvault,
          nicolae_vaults_network_quincunx_subvault,
          nicolae_vaults_network_quincunx_subvault], nicolae_vaults_rhombus_7,
          nicolae_vaults_layer_cake_slice, nicolae_vaults_ring_of_whatevers,
          grunt_vaults_swirl, vaults_room_large_hall, layout_vaults_maze,
          serial_shops, nicolae_shop_rolling_square
Vaults:4: nicolae_vaults_asterisk, v_rooms_6, vaults_room_corners,
          nicolae_vaults_door_testing_chamber, v_rooms_4,
          nicolae_vaults_little_squares_3, nicolae_vaults_tetromino_L_1,
          layout_vaults_quadrants
Vaults:5: serial_shops
Depths:1: grunt_crosshair, layout_cave_shapes, enter_ziggurat_d,
          grunt_hell_horde, minmay_crystal_water, minmay_misc_feat_enclosed,
          nicolae_shop_sticking_my_neck_out
Depths:2: minmay_broken_ring, layout_basic, rand_demon_pan_entry_1, hell_entry,
          chequers_serial_rivers_small_b, infiniplex_staircase_spiral_double
Depths:3: minmay_outward_triangles, layout_small_grid, hell_entry,
          kiku_gazebo_pond_becter, abyss_entry, minmay_staircase_windowed_small,
          minmay_shop_star, uniq_margery
Depths:4: evilmike_zot_entry_argh, layout_cave_pools, abyss_entry_crystal,
          nicolae_sif_muna_condensation, hell_entry, uniq_sojobo, uniq_parghit,
          uniq_mennas
Zot:1:    layout_onion_interference, grunt_ministairs_3,
          nicolae_diode_intersection
Zot:2:    layout_concentric_octagons, grunt_megastairs_2
Zot:3:    lemuel_acid_trip, layout_onion_interference
Zot:4:    layout_misc_corridors, gammafunk_ghost_wrathful_warriors, uniq_tiamat
Zot:5:    layout_basic

Notes
Turn   | Place    | Note
-------+----------+-------------------------------------------
     0 | D:1      | demibob the Draconian Chaos Knight began the quest for the
                  | Orb.
     0 | D:1      | Reached XP level 1. HP: 19/19 MP: 1/1
   214 | D:1      | Reached XP level 2. HP: 24/26 MP: 2/2
   438 | D:1      | Reached skill level 4 in Unarmed Combat
   690 | D:1      | Reached XP level 3. HP: 31/31 MP: 3/3
  1704 | D:2      | XOM: potion effect (haste)
  1713 | D:2      | Reached skill level 5 in Unarmed Combat
  1713 | D:2      | Reached XP level 4. HP: 34/38 MP: 4/4
  1999 | D:3      | Noticed Terence
  1999 | D:3      | Noticed a phantom
  2065 | D:3      | XOM: god gift: 3 stones
  2102 | D:3      | Killed Terence
  2188 | D:3      | Found Amapluol's Distillery.
  2207 | D:3      | Bought a potion of might for 40 gold pieces
  2207 | D:3      | Found a burning altar of Makhleb.
  2253 | D:3      | Killed a phantom
  2254 | D:3      | Reached skill level 6 in Unarmed Combat
  2254 | D:3      | Reached XP level 5. HP: 40/45 MP: 5/5
  2405 | D:3      | XOM: god gift: glowing scale mail {god gift}
  2491 | D:3      | XOM: give mutation
  2491 | D:3      | Gained mutation: Your tail ends in a venomous barb. [Xom's
                  | grace]
  2659 | D:4      | Noticed TheScarfBastard's ghost (amateur DrBe)
  2662 | D:4      | Found a transporter.
  2703 | D:4      | XOM: fog
  2722 | D:4      | Reached XP level 6. HP: 51/51 MP: 6/6
  2778 | D:4      | XOM: noise
  2802 | D:4      | Reached skill level 7 in Unarmed Combat
  2826 | D:4      | Found a hazy altar of Hepliaklqana.
  2866 | D:4      | Found a transporter.
  3024 | D:4      | Found a basalt altar of Yredelemnul.
  3035 | D:4      | XOM: give mutations
  3035 | D:4      | Gained mutation: You have a pair of small antennae on your
                  | head. [Xom's mischief]
  3035 | D:4      | Gained mutation: You occasionally lose the ability to read
                  | scrolls when taking damage. [Xom's mischief]
  3035 | D:4      | Gained mutation: You expend magic power (3 MP) to
                  | strengthen your wands. [Xom's mischief]
  3125 | D:4      | XOM: polymorph orc -> bat
  3418 | D:4      | Identified a potion of resistance
  3440 | D:5      | Entered Level 5 of the Dungeon
  3657 | D:5      | XOM: cleaving
  3678 | D:5      | Noticed Prince Ribbit
  3697 | D:5      | XOM: potion effect (invisibility)
  3705 | D:5      | Killed Prince Ribbit
  3706 | D:5      | Reached skill level 8 in Unarmed Combat
  3706 | D:5      | Your scales start taking on an icy white colour.
  3706 | D:5      | Reached XP level 7. HP: 40/57 MP: 7/7
  3706 | D:5      | Gained mutation: Your flesh is cold resistant. (rC+) [White
                  | Draconian growth]
  3751 | D:5      | XOM: noise
  3775 | D:5      | XOM: silly message
  3849 | D:5      | Found a staircase to the Ecumenical Temple.
  3988 | D:5      | Found the +8 mithril axe "Arga" {speed, Will+}
  4003 | D:5      | Reached skill level 9 in Unarmed Combat
  4129 | D:5      | Reached skill level 1 in Axes
  4193 | D:5      | XOM: god gift: 15 gold pieces
  4480 | D:6      | Reached skill level 2 in Axes
  4490 | D:6      | Found a blossoming altar of Fedhas.
  4490 | D:6      | Found a snail-covered altar of Cheibriados.
  4493 | D:6      | Found a shimmering altar of Xom.
  4499 | D:6      | Reached skill level 3 in Axes
  4499 | D:6      | Reached XP level 8. HP: 63/63 MP: 8/8
  4503 | D:6      | XOM: fog
  4509 | D:6      | Reached skill level 4 in Axes
  4561 | D:6      | XOM: scenery: summon butterflies
  4575 | D:6      | Found a glowing drain.
  4578 | D:6      | XOM: polymorph ball python -> bat
  4606 | Sewer    | Entered a sewer
  4623 | Sewer    | XOM: scenery: create altars
  4693 | Sewer    | XOM: give mutation
  4693 | Sewer    | Gained mutation: You are agile. (Dex +4, Str/Int -1) [Xom's
                  | grace]
  4697 | Sewer    | Reached skill level 5 in Axes
  4942 | Sewer    | Reached skill level 6 in Axes
  5199 | Sewer    | XOM: scenery: summon butterflies
  5200 | Sewer    | XOM: scenery: summon butterflies
  5205 | Sewer    | Reached skill level 7 in Axes
  5479 | D:6      | XOM: enchant monster (good)
  5520 | D:6      | Reached XP level 9. HP: 69/71 MP: 9/9
  5535 | D:6      | XOM: polymorph orc -> hobgoblin
  5537 | D:6      | Reached skill level 4 in Fighting
  5550 | D:6      | XOM: divination: detect creatures
  5663 | D:6      | XOM: cloud trail
  5668 | D:6      | XOM: god gift: 584 gold pieces
  5687 | D:6      | Found a bloodstained altar of Trog.
  5687 | D:6      | Found a sparkling altar of Nemelex Xobeh.
  5688 | D:6      | Found a white marble altar of Elyvilon.
  5690 | D:6      | Found a sacrificial altar of Ru.
  5893 | D:7      | XOM: scenery: summon butterflies
  5917 | D:7      | XOM: give mutation
  5917 | D:7      | Gained mutation: Your tail ends in a sharp venomous barb.
                  | [Xom's grace]
  5975 | D:7      | Reached skill level 5 in Fighting
  5975 | D:7      | Reached skill level 8 in Axes
  6062 | D:7      | XOM: torment (38/74 hp)
  6065 | D:7      | Lost mutation: You occasionally lose the ability to read
                  | scrolls when taking damage. [potion of mutation]
  6065 | D:7      | Lost mutation: You are agile. (Dex +4, Str/Int -1) [potion
                  | of mutation]
  6065 | D:7      | Gained mutation: Your tail ends in a wickedly sharp and
                  | venomous barb. [potion of mutation]
  6065 | D:7      | Lost mutation: You have a pair of small antennae on your
                  | head. [potion of mutation]
  6228 | D:7      | Reached skill level 6 in Fighting
  6248 | D:7      | XOM: noise
  6572 | D:7      | Found a runed translucent door.
  6572 | D:7      | Identified the +6 hammer "Waxziun" {antimagic, rF- rN+
                  | Int+3}
  6573 | D:7      | Noticed Crazy Yiuf
  6602 | D:7      | Reached skill level 7 in Fighting
  7224 | D:7      | XOM: stat loss: -1 Str (15/16)
  7368 | D:8      | Reached skill level 8 in Fighting
  7368 | D:8      | Reached skill level 9 in Axes
  7414 | D:8      | Identified a scroll of acquirement
  7414 | D:8      | Acquired the ring "Ucoasuva" {EV+5 Slay+3}
  7577 | D:8      | XOM: stat loss: -1 Dex (13/14)
  7766 | D:8      | Reached skill level 9 in Fighting
  7906 | D:8      | Noticed a two-headed ogre
  7913 | D:8      | Killed a two-headed ogre
  7914 | D:8      | Reached skill level 10 in Fighting
  7914 | D:8      | Reached XP level 10. HP: 47/93 MP: 10/10
  7915 | D:8      | XOM: silly message
  8025 | D:8      | XOM: 7-stop teleportation journey
  8129 | D:8      | Reached skill level 10 in Axes
  8135 | D:8      | Reached skill level 11 in Fighting
  8150 | D:8      | XOM: give mutations
  8150 | D:8      | Gained mutation: Your muscles are strong. (Str +4, Int/Dex
                  | -1) [Xom's mischief]
  8150 | D:8      | Lost mutation: Your tail ends in a wickedly sharp and
                  | venomous barb. [Xom's mischief]
  8150 | D:8      | Lost mutation: Your muscles are strong. (Str +4, Int/Dex
                  | -1) [Xom's mischief]
  8160 | D:8      | XOM is BORED!
  8324 | D:8      | Found a staircase to the Lair.
  8429 | D:9      | Found Zecual's Armour Shoppe.
  8430 | D:9      | Found a staircase to the Orcish Mines.
  8431 | D:9      | Found Efeana's Weapon Shoppe.
  8517 | D:9      | a yak changed into a death drake
  8517 | D:9      | Noticed a death drake
  8517 | D:9      | XOM: polymorph yak -> death drake
  8529 | D:9      | XOM: blink monster(s)
  8536 | D:9      | Killed a death drake
  8541 | D:9      | Reached skill level 12 in Fighting
  8617 | D:9      | XOM: cast spell 'Summon Dragon'
  8622 | D:9      | Reached skill level 11 in Axes
  8652 | D:9      | Found a flagged portal.
  8659 | Bailey   | Entered a bailey
  8693 | Bailey   | XOM: cast spell 'Dispersal'
  8705 | Bailey   | Reached skill level 13 in Fighting
  8760 | Bailey   | Identified the +9 chain mail of Xunig {*Slow Regen+ Int+4
                  | Dex+5}
  8809 | Bailey   | Found the +9 staff of Olgreb {rPois∞}
  8960 | Bailey   | XOM: god gift: fuming pink potion {god gift}
  9206 | D:9      | XOM: cleaving
  9215 | D:9      | Reached XP level 11. HP: 97/108 MP: 11/11
  9326 | D:9      | XOM: cleaving
  9504 | D:9      | Found a glowing silver altar of Zin.
  9544 | D:9      | XOM: scenery: 1 doors open
  9700 | D:10     | Entered Level 10 of the Dungeon
  9710 | D:10     | Reached skill level 1 in Shields
  9848 | D:10     | Noticed Erolcha
  9876 | D:10     | Killed Erolcha
  9877 | D:10     | Reached skill level 12 in Axes
  9877 | D:10     | Reached skill level 2 in Shields
  9896 | D:10     | Noticed a red ugly thing
  9931 | Lair:1   | Entered Level 1 of the Lair of Beasts
  9931 | Lair:1   | Noticed Gastronok
  9931 | Lair:1   | XOM: fog
  9940 | Lair:1   | Reached skill level 3 in Shields
  9943 | Lair:1   | XOM: cast spell 'Alistair's Intoxication'
  9944 | Lair:1   | Killed Gastronok
  9945 | Lair:1   | Reached skill level 4 in Shields
 10037 | Lair:1   | XOM: confuse monster(s)
 10039 | Lair:1   | Noticed Fannar
 10052 | Lair:1   | XOM: smoke on damage
 10074 | Lair:1   | Killed Fannar
 10088 | Lair:1   | Reached skill level 5 in Shields
 10182 | Lair:1   | XOM: noise
 10210 | Lair:1   | XOM: confuse monster(s)
 10220 | Lair:1   | Reached skill level 13 in Axes
 10354 | Lair:1   | Reached skill level 6 in Shields
 10369 | Lair:1   | XOM: enchant monster (bad)
 10660 | Lair:1   | XOM: cleaving
 10724 | Lair:1   | XOM: summons friendly ufetubus
 10743 | Lair:1   | Reached XP level 12. HP: 107/116 MP: 12/12
 11059 | Lair:1   | Reached skill level 7 in Shields
 11161 | Lair:1   | Noticed a death yak
 11161 | Lair:1   | Noticed a death yak
 11172 | Lair:1   | XOM: enchant monster (good)
 11173 | Lair:1   | Killed a death yak
 11177 | Lair:1   | XOM: confusion (+ monsters)
 11182 | Lair:1   | Killed a death yak
 11276 | Lair:1   | XOM: divination: detect creatures
 11324 | Lair:1   | Found a sparkling altar of Nemelex Xobeh.
 11394 | Lair:1   | XOM: silly message
 11401 | Lair:1   | XOM: potion effect (curing)
 11405 | Lair:1   | Reached skill level 14 in Axes
 11502 | Lair:2   | Reached skill level 8 in Shields
 11732 | Lair:2   | Found a hole to the Spider Nest.
 11813 | Lair:2   | XOM: stat loss: -1 Int (12/13)
 11844 | Lair:2   | Noticed a death yak
 11848 | Lair:2   | Noticed a boulder beetle
 11849 | Lair:2   | XOM: confusion
 12097 | Lair:2   | XOM: summons 2 hostile demons
 12109 | Lair:2   | XOM: give mutations
 12109 | Lair:2   | Gained mutation: You are resistant to electric shocks.
                  | (rElec) [Xom's mischief]
 12109 | Lair:2   | Lost mutation: You expend magic power (3 MP) to strengthen
                  | your wands. [Xom's mischief]
 12109 | Lair:2   | Gained mutation: You have a pair of small horns on your
                  | head. [Xom's mischief]
 12232 | Lair:2   | XOM: summons 7 hostile demons
 12317 | Lair:2   | XOM: potion effect (haste)
 12319 | Lair:2   | Reached skill level 9 in Shields
 12331 | Lair:2   | XOM: swap monsters
 12372 | Lair:2   | XOM: destruction
 12593 | Lair:2   | XOM: fog
 12596 | Lair:2   | XOM: 3-stop teleportation journey
 12603 | Lair:2   | XOM: enchant monster (good)
 12606 | Lair:2   | Reached skill level 15 in Axes
 12627 | Lair:2   | XOM: stat loss: -1 Dex (13/14)
 12642 | Lair:2   | Reached skill level 10 in Shields
 12756 | Lair:2   | Found a staircase to the Swamp.
 12883 | Lair:2   | XOM: polymorph death yak -> death yak
 12889 | Lair:2   | XOM: cast spell 'Metabolic Englaciation'
 12894 | Lair:2   | Killed a death yak
 12895 | Lair:2   | Reached XP level 13. HP: 111/123 MP: 13/13
 12896 | Lair:2   | XOM: enchant monster (good)
 13175 | Lair:3   | Found a blossoming altar of Fedhas.
 13175 | Lair:3   | XOM: 7-stop teleportation journey
 13193 | Lair:3   | XOM: potion effect (haste)
 13196 | Lair:3   | XOM: swap monsters
 13271 | Lair:3   | XOM: 7-stop teleportation journey
 13302 | Lair:3   | XOM: summons 3 hostile shadow creatures
 13490 | Lair:3   | XOM: blink monster(s)
 13496 | Lair:3   | Reached skill level 11 in Shields
 13699 | Lair:3   | XOM: confuse monster(s)
 13700 | Lair:3   | XOM: 3-stop teleportation journey
 13739 | Lair:3   | XOM: scenery: summon butterflies
 13771 | Lair:3   | XOM: silly message
 13825 | Lair:3   | Reached skill level 16 in Axes
 14099 | Lair:3   | XOM: silly message
 14253 | Lair:4   | XOM: potion effect (attraction)
 14393 | Lair:4   | XOM: silly message
 14407 | Lair:4   | XOM: potion effect (might)
 14440 | Lair:4   | XOM: potion effect (might)
 14444 | Lair:4   | XOM: silly message
 14445 | Lair:4   | Noticed Kirke
 14451 | Lair:4   | XOM: potion effect (heal wounds)
 14460 | Lair:4   | XOM: potion effect (might)
 14464 | Lair:4   | Killed Kirke
 14474 | Lair:4   | Reached skill level 12 in Shields
 14487 | Lair:4   | Noticed Rupert
 14496 | Lair:4   | XOM: potion effect (might)
 14508 | Lair:4   | Killed Rupert
 14616 | Lair:4   | XOM: silly message
 14685 | Lair:4   | XOM: summons 7 hostile demons
 15131 | Lair:4   | Reached skill level 17 in Axes
 15131 | Lair:4   | Reached XP level 14. HP: 130/130 MP: 14/14
 15200 | Lair:4   | XOM: draining
 15737 | Lair:5   | Entered Level 5 of the Lair of Beasts
 15737 | Lair:5   | Found a viscous altar of Jiyva.
 15737 | Lair:5   | Found a staircase to the Slime Pits.
 15806 | Lair:5   | XOM: repel stairs
 15865 | Lair:5   | Reached skill level 13 in Shields
 15905 | Lair:5   | Found a gate leading to a gauntlet.
 15915 | Gauntlet | Entered a Gauntlet
 15915 | Gauntlet | Found a transporter.
 15915 | Gauntlet | Found a transporter.
 15967 | Gauntlet | Found a transporter.
 15979 | Gauntlet | Found a transporter.
 15993 | Gauntlet | Found a large runed translucent door.
 15994 | Gauntlet | Found a large runed translucent door.
 15995 | Gauntlet | Found a large runed translucent door.
 15995 | Gauntlet | Found a large runed translucent door.
 15995 | Gauntlet | Found a large runed translucent door.
 15995 | Gauntlet | Found a large runed translucent door.
 15995 | Gauntlet | Found a large runed translucent door.
 15995 | Gauntlet | Found a large runed translucent door.
 15996 | Gauntlet | Found a runed translucent door.
 15996 | Gauntlet | Found a runed translucent gate.
 15997 | Gauntlet | Found a runed translucent gate.
 15997 | Gauntlet | Found a transporter.
 15997 | Gauntlet | Found a transporter.
 15997 | Gauntlet | Found a transporter.
 15999 | Gauntlet | Found a transporter.
 15999 | Gauntlet | Found a transporter.
 16012 | Gauntlet | Found a runed translucent door.
 16015 | Gauntlet | Found a transporter.
 16029 | Gauntlet | Found a transporter.
 16039 | Gauntlet | Found a transporter.
 16056 | Gauntlet | Found a transporter.
 16065 | Gauntlet | Found a large runed translucent door.
 16066 | Gauntlet | Found a large runed translucent door.
 16067 | Gauntlet | Found a large runed translucent door.
 16067 | Gauntlet | Found a large runed translucent door.
 16067 | Gauntlet | Found a large runed translucent door.
 16067 | Gauntlet | Found a large runed translucent door.
 16068 | Gauntlet | Found a runed translucent gate.
 16068 | Gauntlet | Found a large runed translucent door.
 16068 | Gauntlet | Found a runed translucent door.
 16068 | Gauntlet | Found a large runed translucent door.
 16074 | Gauntlet | Found a transporter.
 16113 | Gauntlet | XOM: summons 8 hostile demons
 16141 | Gauntlet | Paralysed by a floating eye for 3 turns
 16227 | Gauntlet | Identified the ring of Qecob {rPois rF++ rC+ rCorr Dex-3}
 16272 | Gauntlet | XOM: summons friendly quasit
 16314 | Gauntlet | XOM: give mutations
 16314 | Gauntlet | Gained mutation: Your tail ends in a wickedly sharp and
                  | venomous barb. [Xom's grace]
 16314 | Gauntlet | Gained mutation: Your flesh is very cold resistant. (rC++)
                  | [Xom's grace]
 16587 | Lair:5   | XOM: potion effect (might)
 16599 | Lair:5   | XOM: noise
 16656 | Lair:5   | XOM: divination: magic mapping
 16973 | Lair:5   | XOM: cast spell 'Alistair's Intoxication'
 17038 | Lair:5   | Reached skill level 14 in Shields
 17047 | Lair:5   | XOM: summons 3 friendly demons
 17049 | Lair:5   | Reached skill level 18 in Axes
 17093 | Lair:5   | XOM: cloud trail
 17555 | D:10     | XOM: polymorph gnoll sergeant -> boggart
 17587 | D:10     | XOM: 7-stop teleportation journey
 18112 | D:11     | Identified the +6 rapier of Kismet {holy, rElec}
 18164 | D:11     | XOM: enchant monster (bad)
 18484 | D:11     | XOM: silly message
 18721 | D:12     | XOM: 2-stop teleportation journey
 18762 | D:12     | XOM: cleaving
 18776 | D:12     | XOM: 2-stop teleportation journey
 18795 | D:12     | Reached skill level 15 in Shields
 19032 | D:12     | XOM: enchant monster (bad)
 19035 | D:12     | Reached skill level 14 in Fighting
 19167 | D:12     | XOM is BORED!
 19167 | D:12     | XOM: noise
 19191 | D:12     | XOM: god gift: wand of digging (4)
 19233 | D:12     | Reached skill level 3 in Dodging
 19299 | D:12     | Reached skill level 1 in Evocations
 19535 | D:12     | XOM: god gift: 42 gold pieces
 19635 | Orc:1    | Entered Level 1 of the Orcish Mines
 19635 | Orc:1    | XOM: cleaving
 19653 | Orc:1    | XOM: cleaving
 19733 | Orc:1    | XOM: give mutations
 19733 | Orc:1    | Gained mutation: You are agile. (Dex +4, Str/Int -1) [Xom's
                  | grace]
 19733 | Orc:1    | Gained mutation: You have supernaturally acute eyesight.
                  | (SInv) [Xom's grace]
 19733 | Orc:1    | Gained mutation: Your muscles are strong. (Str +4, Int/Dex
                  | -1) [Xom's grace]
 19839 | Orc:2    | Entered Level 2 of the Orcish Mines
 19866 | Orc:1    | Reached skill level 2 in Evocations
 20173 | Orc:2    | Noticed an orc warlord
 20189 | Orc:2    | Reached XP level 15. HP: 138/138 MP: 15/15
 20194 | Orc:2    | XOM: potion effect (haste)
 20202 | Orc:2    | Reached skill level 4 in Dodging
 20211 | Orc:2    | Reached skill level 3 in Evocations
 20254 | Orc:2    | Found a staircase to the Elven Halls.
 20424 | Orc:2    | XOM: noise
 20437 | Orc:2    | XOM: enchant monster (good)
 20448 | Orc:2    | XOM: cast spell 'Summon Small Mammal'
 20619 | Orc:2    | Reached skill level 4 in Evocations
 20629 | Orc:2    | Reached skill level 5 in Dodging
 20663 | Orc:2    | XOM: cast spell 'Summon Cactus Giant'
 20676 | Orc:2    | Found Ruytsa's Antique Armour Shop.
 20676 | Orc:2    | Found Vevextech's General Store.
 20677 | Orc:2    | Found Tiedimim's Antique Armour Shoppe.
 20677 | Orc:2    | Found Zosh's Assorted Antiques.
 20698 | Orc:2    | Reached skill level 5 in Evocations
 20712 | Orc:2    | Noticed Maurice
 20726 | Orc:2    | Killed Maurice
 20823 | Orc:2    | XOM: butterfly on damage
 20826 | Orc:2    | XOM: divination: magic mapping
 20835 | Orc:2    | Reached skill level 6 in Dodging
 21146 | Orc:2    | Bought a scroll of blinking for 135 gold pieces
 21146 | Orc:2    | Bought a potion of enlightenment for 90 gold pieces
 21147 | Orc:2    | Bought a pair of runed gloves for 255 gold pieces
 21223 | D:9      | XOM: give mutations
 21223 | D:9      | Lost mutation: Your muscles are strong. (Str +4, Int/Dex
                  | -1) [Xom's mischief]
 21223 | D:9      | Lost mutation: You have supernaturally acute eyesight.
                  | (SInv) [Xom's mischief]
 21352 | D:13     | Reached skill level 6 in Evocations
 21503 | D:13     | XOM is BORED!
 21503 | D:13     | XOM: chaos upgrade
 21640 | D:13     | XOM: summons 6 friendly demons
 21923 | D:13     | XOM: god gift: potion of cancellation
 22132 | D:14     | Reached skill level 7 in Dodging
 22214 | D:14     | Found a gate to the Vaults.
 22223 | D:14     | Reached skill level 7 in Evocations
 22235 | D:14     | XOM: cast spell 'Metabolic Englaciation'
 22241 | D:14     | HP: 13/138 [swamp worm (shapeshifter)/harpoon shot (15)]
 22254 | D:13     | XOM: divination: magic mapping
 22544 | D:14     | XOM: god gift: flail {god gift}
 22566 | D:14     | XOM: confuse monster(s)
 22611 | D:14     | XOM: summons friendly shadow imp
 22612 | D:14     | XOM: confuse monster(s)
 22663 | D:14     | XOM: butterfly on damage
 22681 | D:14     | XOM: enchant monster (good)
 22781 | D:14     | XOM: draining
 23104 | D:14     | Reached skill level 8 in Dodging
 23104 | D:14     | Reached skill level 8 in Evocations
 23229 | D:14     | Found a glowing silver altar of Zin.
 23461 | Lair:5   | Fell from the grace of Xom
 23461 | Lair:5   | Became a worshipper of Jiyva Jetom the Shapeless
 24169 | D:15     | XOM: noise
 24169 | D:15     | Entered Level 15 of the Dungeon
 24480 | D:15     | Reached * piety under Jiyva
 24523 | D:15     | Reached XP level 16. HP: 144/145 MP: 16/16
 24536 | D:15     | Found a staircase to the Depths.
 24607 | D:15     | Noticed Josephine
 24620 | D:15     | Killed Josephine
 24622 | D:15     | Reached skill level 9 in Evocations
 24724 | D:15     | XOM: give mutations
 24724 | D:15     | Lost mutation: You are agile. (Dex +4, Str/Int -1) [Xom's
                  | mischief]
 24724 | D:15     | Gained mutation: You are clumsy. (Dex -2) [Xom's mischief]
 24724 | D:15     | Lost mutation: You are clumsy. (Dex -2) [Xom's mischief]
 24771 | D:15     | Found a broken altar of Ashenzari.
 24790 | D:15     | Reached skill level 9 in Dodging
 24972 | D:15     | Reached skill level 10 in Evocations
 25294 | D:8      | XOM: torment (74/146 hp)
 25304 | D:8      | XOM: torment (45/146 hp)
 25413 | Lair:2   | XOM: summons 2 hostile demons
 25432 | Spider:1 | Entered Level 1 of the Spider Nest
 25503 | Spider:1 | Reached skill level 10 in Dodging
 25522 | Spider:1 | Noticed Nikola
 25536 | Spider:1 | Killed Nikola
 25613 | Spider:1 | Reached ** piety under Jiyva
 25628 | Spider:1 | XOM: fog
 25635 | Spider:1 | Found a frozen archway.
 25646 | IceCv    | Entered an ice cave
 25761 | IceCv    | XOM: 2-stop teleportation journey
 26034 | IceCv    | Reached skill level 15 in Fighting
 26085 | IceCv    | Noticed an Ice Fiend
 26087 | IceCv    | Noticed an Ice Fiend
 26104 | IceCv    | >>die here
 26288 | Spider:1 | Reached skill level 11 in Dodging
 26873 | Spider:2 | Reached *** piety under Jiyva
 26898 | Spider:2 | Noticed Arachne
 26924 | Spider:2 | Killed Arachne
 27061 | Spider:2 | Lost mutation: Your tail ends in a wickedly sharp and
                  | venomous barb. [Jiyva's grace]
 27061 | Spider:2 | Lost mutation: Your tail ends in a sharp venomous barb.
                  | [Jiyva's grace]
 27061 | Spider:2 | Lost mutation: Your flesh is very cold resistant. (rC++)
                  | [Jiyva's grace]
 27061 | Spider:2 | Gained mutation: You have acidic saliva. [Jiyva's grace]
 27061 | Spider:2 | Gained mutation: Your rubbery body absorbs attacks. (AC +1,
                  | EV +1) [Jiyva's grace]
 27061 | Spider:2 | Gained mutation: Your pliable body absorbs attacks. (AC +2,
                  | EV +2) [Jiyva's grace]
 27061 | Spider:2 | Gained mutation: Your gelatinous body deflects attacks. (AC
                  | +3, EV +3) [Jiyva's grace]
 27364 | Spider:2 | Reached XP level 17. HP: 72/158 MP: 17/17
 27482 | Spider:2 | XOM: silly message
 27492 | Spider:2 | Reached **** piety under Jiyva
 27576 | Spider:2 | Reached skill level 16 in Fighting
 27679 | Spider:2 | Noticed Asterion
 27698 | Spider:2 | Killed Asterion
 27743 | Spider:2 | Reached skill level 12 in Dodging
 27762 | Spider:2 | XOM: cloud trail
 28870 | Spider:3 | Paralysed by a jorogumo for 3 turns
 28929 | Spider:3 | Reached skill level 17 in Fighting
 29190 | Spider:3 | XOM: polymorph redback -> skyshark
 29219 | Spider:4 | Entered Level 4 of the Spider Nest
 29241 | Spider:4 | Reached skill level 13 in Dodging
 29397 | Spider:4 | Reached ***** piety under Jiyva
 29436 | Spider:4 | Lost mutation: Your gelatinous body deflects attacks. (AC
                  | +3, EV +3) [Jiyva's grace]
 29436 | Spider:4 | Gained mutation: Your translucent skin slightly reduces
                  | your foes' accuracy. (Stealth+) [Jiyva's grace]
 29436 | Spider:4 | Gained mutation: Your translucent skin reduces your foes'
                  | accuracy. (Stealth+) [Jiyva's grace]
 29436 | Spider:4 | Gained mutation: Your transparent skin significantly
                  | reduces your foes' accuracy. (Stealth+) [Jiyva's grace]
 29436 | Spider:4 | Gained mutation: Your spells are a little harder to cast,
                  | but a little more powerful. [Jiyva's grace]
 29968 | Spider:4 | Reached skill level 18 in Fighting
 30147 | Spider:4 | Reached skill level 14 in Dodging
 30147 | Spider:4 | Reached XP level 18. HP: 156/172 MP: 2/18
 30149 | Spider:4 | Got a gossamer rune of Zot
 30322 | Spider:4 | XOM: cloud trail
 30519 | Vaults:1 | Entered Level 1 of the Vaults
 30684 | Vaults:1 | XOM: give mutation
 30684 | Vaults:1 | Lost mutation: Your pliable body absorbs attacks. (AC +2,
                  | EV +2) [Xom's mischief]
 30694 | Vaults:1 | Found Ittog's Armour Shop.
 30762 | Vaults:1 | XOM: summons 1 hostile shadow creature
 31225 | Vaults:1 | XOM: cloud trail
 31257 | Vaults:1 | Noticed Zenata
 31272 | Vaults:1 | Killed Zenata
 31395 | Vaults:1 | XOM: give mutations
 31395 | Vaults:1 | Lost mutation: Your transparent skin significantly reduces
                  | your foes' accuracy. (Stealth+) [Xom's mischief]
 31395 | Vaults:1 | Lost mutation: You have a pair of small horns on your head.
                  | [Xom's mischief]
 31440 | Vaults:1 | Reached ****** piety under Jiyva
 31795 | Vaults:2 | Reached skill level 19 in Fighting
 31909 | Vaults:2 | Reached skill level 15 in Dodging
 32176 | Vaults:2 | Gained mutation: You have a small jelly attached to you
                  | that may absorb projectiles. [Jiyva's grace]
 32176 | Vaults:2 | Gained mutation: Your pliable body absorbs attacks. (AC +2,
                  | EV +2) [Jiyva's grace]
 32176 | Vaults:2 | Gained mutation: Your gelatinous body deflects attacks. (AC
                  | +3, EV +3) [Jiyva's grace]
 32176 | Vaults:2 | Gained mutation: Your transparent skin significantly
                  | reduces your foes' accuracy. (Stealth+) [Jiyva's grace]
 32540 | Vaults:2 | Found Sianutit's Assorted Antiques.
 32548 | Vaults:2 | Bought a potion of heal wounds for 210 gold pieces
 32548 | Vaults:2 | Bought a scroll of teleportation for 126 gold pieces
 32548 | Vaults:2 | Bought a potion of cancellation for 336 gold pieces
 32618 | Vaults:2 | Reached skill level 20 in Fighting
 32657 | Vaults:2 | XOM: give mutations
 32657 | Vaults:2 | Gained mutation: Your system is resistant to poisons.
                  | (rPois) [Xom's mischief]
 32657 | Vaults:2 | Lost mutation: You have acidic saliva. [Xom's mischief]
 32657 | Vaults:2 | Gained mutation: You have an increased reservoir of magic.
                  | (+10% MP) [Xom's mischief]
 32753 | Vaults:2 | Found a staircase to the Crypt.
 32753 | Vaults:2 | Found an ancient bone altar of Kikubaaqudgha.
 32754 | Vaults:2 | Found a basalt altar of Yredelemnul.
 33069 | Slime:1  | Entered Level 1 of the Pits of Slime
 33089 | Slime:5  | Entered Level 5 of the Pits of Slime
 33104 | Slime:5  | Identified the ring of Segadgh {Ice MP-9 Str+8 Int+2 Dex+3}
 33130 | Slime:5  | Noticed the Royal Jelly
 33133 | Slime:5  | Found a viscous altar of Jiyva.
 33175 | Slime:5  | an acid blob changed into an iron giant
 33175 | Slime:5  | Noticed an iron giant
 33175 | Slime:5  | XOM: polymorph acid blob -> iron giant
 33259 | Slime:5  | Got a slimy rune of Zot
 33307 | Slime:5  | Got a thrumming book
 33310 | Slime:5  | Got a vibrant book
 33317 | Slime:5  | XOM: give mutations
 33317 | Slime:5  | Lost mutation: You have a small jelly attached to you that
                  | may absorb projectiles. [Xom's mischief]
 33317 | Slime:5  | Lost mutation: You have an increased reservoir of magic.
                  | (+10% MP) [Xom's mischief]
 33317 | Slime:5  | Lost mutation: Your gelatinous body deflects attacks. (AC
                  | +3, EV +3) [Xom's mischief]
 33317 | Slime:5  | Gained mutation: Your natural rate of healing is unusually
                  | fast. [Xom's mischief]
 33364 | Slime:5  | XOM: give mutation
 33364 | Slime:5  | Lost mutation: Your transparent skin significantly reduces
                  | your foes' accuracy. (Stealth+) [Xom's mischief]
 33698 | Elf:1    | Entered Level 1 of the Elven Halls
 33812 | Elf:1    | Reached XP level 19. HP: 178/185 MP: 19/19
 33907 | Elf:1    | Reached skill level 16 in Dodging
 33986 | Elf:1    | Identified the +3 great mace "Kocsyiqoyt" {freeze, MP+9}
 34154 | Elf:1    | Found Dedaant's Assorted Antiques.
 34162 | Elf:1    | Found Vylayrav's Jewellery Shoppe.
 34164 | Elf:1    | Bought a scroll of teleportation for 84 gold pieces
 34727 | Elf:2    | Identified the +2 war axe of Friendship {speed, Fragile
                  | +Blink rCorr MP+9}
 34728 | Elf:2    | Found a runed translucent gate.
 34735 | Elf:2    | Identified the +4 bardiche "Ogre's Bane" {flame, Drain
                  | Fragile Str+8 SInv}
 34741 | Elf:2    | Found a runed translucent gate.
 34742 | Elf:2    | Found a runed translucent gate.
 34877 | Elf:2    | Found Aneat's Weapon Shoppe.
 34997 | Elf:3    | Entered Level 3 of the Elven Halls
 35040 | Elf:3    | Identified the scarf of Noedon {harm, Int+4}
 35175 | Elf:3    | Reached skill level 21 in Fighting
 35359 | Elf:3    | Reached skill level 17 in Dodging
 35442 | Elf:3    | XOM: enchant monster (bad)
 35614 | Elf:3    | XOM: chaos cloud
 35706 | Elf:3    | Identified the +4 spear "Ogreslayer" {freeze, rElec Int+2}
 35713 | Elf:3    | Reached XP level 20. HP: 154/196 MP: 20/20
 35718 | Elf:3    | Reached skill level 22 in Fighting
 35784 | Elf:3    | Paralysed by an air elemental for 1 turns
 35817 | Elf:3    | Identified the +4 chain mail "Catean" {Int+4}
 35927 | Elf:3    | Acquired the +4 pair of gloves of the Immovable Heavens
                  | {Harm rF- MP+9}
 35931 | Elf:3    | Identified the +0 robe of the Shrike {rPois rF+}
 36011 | Elf:3    | Got a ragged book
 36020 | Elf:3    | Identified the staff of Blood {rElec Str-4 Int+3 Dex+8 Air}
 36503 | D:9      | XOM: torment (101/200 hp)
 36702 | Vaults:1 | XOM: summons 2 hostile demons
 36748 | Vaults:3 | Lost mutation: Your pliable body absorbs attacks. (AC +2,
                  | EV +2) [Jiyva's grace]
 36748 | Vaults:3 | Gained mutation: Your tail ends in a sharp venomous barb.
                  | [Jiyva's grace]
 36748 | Vaults:3 | Gained mutation: Your tail ends in a wickedly sharp and
                  | venomous barb. [Jiyva's grace]
 36748 | Vaults:3 | Gained mutation: Your flesh is very cold resistant. (rC++)
                  | [Jiyva's grace]
 36748 | Vaults:3 | Gained mutation: Your flesh is almost immune to the effects
                  | of cold. (rC+++) [Jiyva's grace]
 36752 | Vaults:3 | Found Rathuata's Antique Armour Shop.
 36809 | Vaults:3 | Reached skill level 18 in Dodging
 37039 | Vaults:3 | XOM: summons 2 hostile shadow creatures
 37039 | Vaults:3 | Was forgiven by Xom
 38246 | Vaults:4 | Lost mutation: Your tail ends in a wickedly sharp and
                  | venomous barb. [Jiyva's grace]
 38246 | Vaults:4 | Lost mutation: Your system is resistant to poisons. (rPois)
                  | [Jiyva's grace]
 38246 | Vaults:4 | Lost mutation: Your rubbery body absorbs attacks. (AC +1,
                  | EV +1) [Jiyva's grace]
 38246 | Vaults:4 | Gained mutation: You possess an exceptional clarity of
                  | mind. [Jiyva's grace]
 38246 | Vaults:4 | Gained mutation: A frigid envelope surrounds you and
                  | freezes all who hurt you. [Jiyva's grace]
 38246 | Vaults:4 | Gained mutation: Armour fits poorly on your pseudopods.
                  | [Jiyva's grace]
 38246 | Vaults:4 | Gained mutation: Armour fits poorly on your large
                  | pseudopods. [Jiyva's grace]
 38272 | Vaults:4 | Reached skill level 23 in Fighting
 39003 | Vaults:4 | Reached skill level 19 in Dodging
 39319 | Swamp:1  | Entered Level 1 of the Swamp
 39860 | Swamp:2  | You fall into a shaft and drop 1 floor!
 40049 | Swamp:2  | Gained mutation: You have a pair of small antennae on your
                  | head. [Jiyva's grace]
 40049 | Swamp:2  | Gained mutation: You have a pair of antennae on your head.
                  | [Jiyva's grace]
 40049 | Swamp:2  | Gained mutation: You have a pair of large antennae on your
                  | head. (SInv) [Jiyva's grace]
 40049 | Swamp:2  | Gained mutation: You have sharp fingernails. [Jiyva's
                  | grace]
 40405 | Swamp:3  | Found a runed translucent door.
 40487 | Swamp:3  | Noticed beavisfan's ghost (adept DsSh)
 40560 | Swamp:3  | Reached XP level 21. HP: 213/213 MP: 21/21
 40626 | Swamp:3  | Killed beavisfan's ghost
 40903 | Swamp:4  | Entered Level 4 of the Swamp
 40958 | Swamp:4  | Noticed Bai Suzhen
 40976 | Swamp:4  | Noticed Mara
 40981 | Swamp:4  | Noticed demibob's illusion
 41089 | Swamp:4  | Reached skill level 24 in Fighting
 41147 | Swamp:4  | Killed Bai Suzhen
 41208 | Swamp:4  | Got a decaying rune of Zot
 41333 | Swamp:4  | Identified a +1 robe of resistance
 41451 | Swamp:4  | Reached skill level 20 in Dodging
 41616 | Swamp:4  | Noticed demibob's illusion
 41626 | Swamp:4  | Killed Mara
 41678 | Swamp:4  | Found an ancient bone altar of Kikubaaqudgha.
 41685 | Swamp:4  | Got a blackened book
 41753 | Swamp:4  | Noticed Mlioglotl
 41767 | Swamp:4  | Killed Mlioglotl
 42172 | Depths:1 | Entered Level 1 of the Depths
 42240 | Depths:1 | Noticed a caustic shrike
 42241 | Depths:1 | Noticed a caustic shrike
 42241 | Depths:1 | Noticed a caustic shrike
 42241 | Depths:1 | Noticed a caustic shrike
 42249 | Depths:1 | Killed a caustic shrike
 42255 | Depths:1 | Killed a caustic shrike
 42257 | Depths:1 | Identified the +10 broad axe of Pylumumnye {freeze, rElec}
 42258 | Depths:1 | Killed a caustic shrike
 42265 | Depths:1 | Killed a caustic shrike
 42275 | Depths:1 | Reached skill level 25 in Fighting
 42328 | Depths:1 | Reached XP level 22. HP: 123/226 MP: 22/22
 42376 | Depths:1 | Identified the +9 short sword of the Original Sin {freeze,
                  | Stlth+}
 42504 | Depths:1 | Found a gateway to Hell.
 42527 | Depths:1 | Reached skill level 21 in Dodging
 42623 | Depths:1 | Found a one-way gateway to a ziggurat.
 42692 | Depths:1 | Lost mutation: You have a pair of large antennae on your
                  | head. (SInv) [Jiyva's grace]
 42692 | Depths:1 | Lost mutation: You have sharp fingernails. [Jiyva's grace]
 42692 | Depths:1 | Lost mutation: Your translucent skin reduces your foes'
                  | accuracy. (Stealth+) [Jiyva's grace]
 42692 | Depths:1 | Gained mutation: Your system is resistant to poisons.
                  | (rPois) [Jiyva's grace]
 42692 | Depths:1 | Gained mutation: You expend magic power (3 MP) to
                  | strengthen your wands. [Jiyva's grace]
 42692 | Depths:1 | Gained mutation: You are covered in slimy tendrils that may
                  | disarm your opponents. [Jiyva's grace]
 42692 | Depths:1 | Gained mutation: Your flesh is heat resistant. (rF+)
                  | [Jiyva's grace]
 42703 | Depths:1 | Found Feredurph's Neck Hole.
 42752 | Depths:1 | Bought a +1 cloak of willpower for 264 gold pieces
 43098 | Depths:2 | Identified the +1 helmet "Pyazot" {Str-2 Int+3 Dex+3}
 43506 | Depths:2 | Found a one-way gate leading to the halls of Pandemonium.
 43686 | Depths:2 | Noticed a caustic shrike
 43695 | Depths:2 | Killed a caustic shrike
 43741 | Depths:2 | Noticed a caustic shrike
 43755 | Depths:2 | Killed a caustic shrike
 43756 | Depths:2 | Reached skill level 26 in Fighting
 43954 | Depths:2 | Identified the amulet of the Madman {Reflect rElec rCorr
                  | Int-5 SH+5}
 44141 | Depths:3 | Noticed Margery
 44265 | Depths:2 | Killed Margery
 44386 | Depths:3 | Noticed a golden dragon
 44409 | Depths:3 | Killed a golden dragon
 44560 | Depths:3 | Found Hiablec's Magic Scroll Shoppe.
 44562 | Depths:3 | Found Hitin's Antique Weapon Emporium.
 44565 | Depths:3 | Found Umaloos's Jewellery Shoppe.
 44568 | Depths:3 | Bought a scroll of teleportation for 60 gold pieces
 44568 | Depths:3 | Bought a scroll of teleportation for 60 gold pieces
 44568 | Depths:3 | Bought a scroll of teleportation for 60 gold pieces
 44568 | Depths:3 | Bought a scroll of teleportation for 60 gold pieces
 44568 | Depths:3 | Bought a scroll of fear for 80 gold pieces
 44568 | Depths:3 | Bought a scroll of fog for 80 gold pieces
 44568 | Depths:3 | Bought a scroll of fear for 80 gold pieces
 44603 | Depths:3 | Found an ancient bone altar of Kikubaaqudgha.
 44614 | Depths:3 | Reached skill level 22 in Dodging
 44709 | Depths:3 | Found a one-way gate to the infinite horrors of the Abyss.
 44988 | Depths:3 | Lost mutation: Your flesh is almost immune to the effects
                  | of cold. (rC+++) [Jiyva's grace]
 44988 | Depths:3 | Lost mutation: Your flesh is very cold resistant. (rC++)
                  | [Jiyva's grace]
 44988 | Depths:3 | Lost mutation: A frigid envelope surrounds you and freezes
                  | all who hurt you. [Jiyva's grace]
 44988 | Depths:3 | Lost mutation: You are resistant to electric shocks.
                  | (rElec) [Jiyva's grace]
 44988 | Depths:3 | Lost mutation: You expend magic power (3 MP) to strengthen
                  | your wands. [Jiyva's grace]
 44988 | Depths:3 | Gained mutation: You are agile. (Dex +4, Str/Int -1)
                  | [Jiyva's grace]
 44988 | Depths:3 | Gained mutation: You are very agile. (Dex +8, Str/Int -2)
                  | [Jiyva's grace]
 44988 | Depths:3 | Gained mutation: You expend magic power (3 MP) to
                  | strengthen your wands. [Jiyva's grace]
 44988 | Depths:3 | Gained mutation: You have sharp toenails. [Jiyva's grace]
 45415 | Vaults:5 | Entered Level 5 of the Vaults
 45534 | Vaults:5 | Reached XP level 23. HP: 239/239 MP: 23/23
 45745 | Vaults:5 | Reached skill level 27 in Fighting
 45747 | Vaults:5 | Identified the +5 war axe of Floods {holy, rElec}
 45778 | Vaults:5 | Noticed a dread lich
 45792 | Vaults:5 | Killed a dread lich
 45836 | Vaults:5 | Identified the +2 chain mail of Bellicose Contentment {Harm
                  | Dex+2}
 45967 | Vaults:5 | Identified the +11 mace "Death Rattle" {heavy, rPois Int+5}
 46008 | Vaults:5 | Got a vellum book
 46170 | Vaults:5 | Identified the +1 falchion "Zeereru" {protect, Fly}
 46231 | Vaults:5 | Reached skill level 23 in Dodging
 46367 | Vaults:5 | Identified the +0 leather armour of the Lobster {rPois
                  | Int-5 Stlth+}
 46395 | Vaults:5 | Reached skill level 16 in Shields
 46397 | Vaults:5 | Got a silver rune of Zot
 46922 | Vaults:5 | Identified the amulet of the Tuna {Acrobat -Cast +Inv rC+
                  | Str+2}
 47268 | Depths:4 | Entered Level 4 of the Depths
 47404 | Depths:4 | Found a gate to the Realm of Zot.
 47413 | Depths:4 | Noticed Sojobo
 47437 | Depths:4 | Paralysed by an air elemental for 1 turns
 47447 | Depths:4 | Noticed Mennas
 47560 | Depths:4 | Killed Mennas
 47561 | Depths:4 | Reached skill level 11 in Evocations
 47631 | Depths:4 | Noticed Parghit
 47633 | Depths:4 | Reached XP level 24. HP: 246/249 MP: 23/23
 47694 | Depths:4 | Killed Parghit
 47735 | Depths:4 | Found a shimmering blue altar of Sif Muna.
 47801 | Depths:4 | Killed Sojobo
 47938 | Depths:4 | Reached skill level 24 in Dodging
 48093 | Zot:1    | Entered Level 1 of the Realm of Zot
 48109 | Zot:1    | Noticed an orb of fire
 48116 | Zot:1    | Reached skill level 12 in Evocations
 48132 | Depths:4 | Lost mutation: You are very agile. (Dex +8, Str/Int -2) [an
                  | orb of fire]
 48143 | Depths:4 | Gained mutation: You occasionally lose the ability to drink
                  | potions when taking damage. [an orb of fire]
 48151 | Depths:4 | Gained mutation: You are frail. (-10% HP) [an orb of fire]
 48161 | Depths:4 | Killed an orb of fire
 48186 | Zot:1    | Noticed a curse toe
 48200 | Zot:1    | Killed a curse toe
 48384 | Zot:1    | Found a transporter.
 48404 | Zot:1    | Reached skill level 13 in Evocations
 48434 | Zot:1    | Found a transporter.
 48492 | Zot:1    | Found a transporter.
 48605 | Zot:1    | Lost mutation: You have a pair of antennae on your head.
                  | [Jiyva's grace]
 48605 | Zot:1    | Lost mutation: You possess an exceptional clarity of mind.
                  | [Jiyva's grace]
 48605 | Zot:1    | Lost mutation: Your natural rate of healing is unusually
                  | fast. [Jiyva's grace]
 48605 | Zot:1    | Gained mutation: You have a small jelly attached to you
                  | that senses nearby items. [Jiyva's grace]
 48605 | Zot:1    | Gained mutation: You passively dampen the noise of your
                  | surroundings. [Jiyva's grace]
 48605 | Zot:1    | Gained mutation: Your tail ends in a wickedly sharp and
                  | venomous barb. [Jiyva's grace]
 48605 | Zot:1    | Gained mutation: Your melee attacks may engulf your foes in
                  | ooze. [Jiyva's grace]
 48767 | Zot:1    | Found a transporter.
 48931 | Zot:2    | Noticed a curse toe
 49155 | Zot:2    | Killed a curse toe
 50111 | Zot:3    | Noticed a Killer Klown
 50186 | Zot:3    | Killed a Killer Klown
 50396 | Zot:3    | Reached skill level 14 in Evocations
 50587 | Zot:3    | Noticed a curse toe
 50597 | Zot:3    | Killed a curse toe
 50669 | Zot:3    | Identified the +4 morningstar "Lianoj" {freeze, rElec
                  | rPois}
 51229 | Zot:4    | Reached skill level 25 in Dodging
 51286 | Zot:4    | Found the +4 dragonskin cloak
 51286 | Zot:4    | Noticed Tiamat
 51354 | Zot:4    | Killed Tiamat
 51368 | Zot:4    | Reached skill level 15 in Evocations
 51371 | Zot:4    | Reached XP level 25. HP: 163/231 MP: 23/23
 51432 | Zot:4    | Lost mutation: You have a pair of small antennae on your
                  | head. [Jiyva's grace]
 51432 | Zot:4    | Lost mutation: You are agile. (Dex +4, Str/Int -1) [Jiyva's
                  | grace]
 51432 | Zot:4    | Lost mutation: You are frail. (-10% HP) [Jiyva's grace]
 51432 | Zot:4    | Lost mutation: Your system is resistant to poisons. (rPois)
                  | [Jiyva's grace]
 51432 | Zot:4    | Lost mutation: You are covered in slimy tendrils that may
                  | disarm your opponents. [Jiyva's grace]
 51432 | Zot:4    | Gained mutation: Your flesh is very heat resistant. (rF++)
                  | [Jiyva's grace]
 51432 | Zot:4    | Gained mutation: Your flesh is almost immune to the effects
                  | of heat. (rF+++) [Jiyva's grace]
 51432 | Zot:4    | Gained mutation: You have a small jelly attached to you
                  | that may absorb projectiles. [Jiyva's grace]
 51432 | Zot:4    | Gained mutation: You are covered in slimy tendrils that may
                  | disarm your opponents. [Jiyva's grace]
 51585 | Zot:4    | Noticed an orb of fire
 51598 | Zot:4    | Gained mutation: You are occasionally teleported next to
                  | monsters. [an orb of fire]
 51609 | Zot:4    | Lost mutation: Your spells are a little harder to cast, but
                  | a little more powerful. [an orb of fire]
 51623 | Zot:4    | Killed an orb of fire
 51696 | Zot:4    | Lost mutation: You are occasionally teleported next to
                  | monsters. [potion of mutation]
 51696 | Zot:4    | Lost mutation: Your tail ends in a wickedly sharp and
                  | venomous barb. [potion of mutation]
 51696 | Zot:4    | Lost mutation: Your melee attacks may engulf your foes in
                  | ooze. [potion of mutation]
 51696 | Zot:4    | Gained mutation: Your spells are a little harder to cast,
                  | but a little more powerful. [potion of mutation]
 51797 | Zot:4    | Identified the +2 cloak of the Five Villages {rN+ Will+
                  | Stlth+}
 51797 | Zot:4    | Identified the ring "Ysidghom" {MP+9 Int+2}
 51820 | Zot:4    | Noticed liarliar's ghost (veteran DrCj)
 51877 | Zot:4    | Found a transporter.
 51884 | Zot:4    | Found a transporter.
 51933 | Zot:4    | Identified the +2 cloak "Itout" {rElec rPois Str+4 Int-3}
 51936 | Zot:4    | Found a bloodstained altar of Trog.
 52032 | Zot:4    | Identified the +0 ring mail "Anoegh" {rC+ Will+ Str+6}
 52057 | Zot:5    | Entered Level 5 of the Realm of Zot
 52241 | Zot:5    | Reached skill level 16 in Evocations
 52711 | Zot:5    | Noticed a Killer Klown
 52736 | Zot:5    | Killed a Killer Klown
 52871 | Zot:5    | Noticed an ancient lich
 52873 | Zot:5    | Noticed a dread lich
 52907 | Zot:5    | Killed a dread lich
 52912 | Zot:5    | Killed an ancient lich
 53036 | Zot:5    | Noticed an electric golem
 53129 | Zot:5    | Killed an electric golem
 53167 | Zot:5    | Noticed a Killer Klown
 53210 | Zot:5    | Killed a Killer Klown
 53228 | Zot:5    | Noticed a dread lich
 53232 | Zot:5    | Noticed an electric golem
 53246 | Zot:5    | Reached skill level 26 in Dodging
 53265 | Zot:5    | Noticed a Killer Klown
 53265 | Zot:5    | Noticed a dread lich
 53267 | Zot:5    | Noticed an ancient lich
 53268 | Zot:5    | Noticed a Killer Klown
 53269 | Zot:5    | Noticed an orb of fire
 53270 | Zot:5    | Noticed a Killer Klown
 53273 | Zot:5    | Noticed an orb of fire
 53273 | Zot:5    | Noticed a Killer Klown
 53273 | Zot:5    | Noticed a Killer Klown
 53274 | Zot:5    | Gained mutation: Your magical capacity is low. (-10% MP)
                  | [an orb of fire]
 53275 | Zot:5    | >>die here yeah?
 53275 | Zot:5    | HP: 14/254 [Orb Guardian (29)]
 53275 | Zot:5    | Demolished by an Orb Guardian

Vanquished Creatures
  2 dread liches
  Tiamat (Zot:4)
  Mara (Swamp:4)
  2 orbs of fire
  An ancient lich (Zot:5)
  Mennas (Depths:4)
  Sojobo (Depths:4)
  3 Killer Klowns
  Margery (Depths:2)
  Bai Suzhen (Swamp:4)
  Parghit (Depths:4)
  3 curse toes
  6 caustic shrikes
  6 golden dragons
  2 bone dragons (Depths:4)
  Arachne (Spider:2)
  Nikola (Spider:1)
  An electric golem (Zot:5)
  2 hellephants (Depths:1)
  Rupert (Lair:4)
  15 tentacled monstrosities
  Zenata (Vaults:1)
  2 walking crystal tomes
  Mlioglotl (Swamp:4)
  10 Orb Guardians (Zot:5)
  4 titans
  A lich (Depths:2)
  A walking earthen tome (Depths:2)
  Asterion (Spider:2)
  A walking frostbound tome (Depths:2)
  5 quicksilver dragons
  3 deep elf blademasters (Elf:3)
  3 sphinxes
  3 deep elf master archers (Elf:3)
  7 death cobs
  12 shadow dragons
  Gastronok (Lair:1)
  3 thorn hunters (Swamp:4)
  The ghost of beavisfan the Black Belt, an adept DsSh of Qazlal (Swamp:3)
  Kirke (Lair:4)
  8 tengu reavers
  9 draconian monks
  13 storm dragons
  8 vault wardens
  6 fenstrider witches
  15 fire giants
  14 deep elf sorcerers
  5 emperor scorpions
  4 ghost moths
  8 frost giants
  4 draconian scorchers
  3 orc warlords
  4 draconian knights
  An iron dragon (Vaults:5)
  7 draconian shifters
  6 draconian annihilators
  7 deep elf elementalists
  7 draconian stormcallers
  7 ironbound thunderhulks
  13 stone giants
  2 spriggan defenders (Depths:3)
  14 ironbound preservers
  2 ghouls (Swamp:4)
  2 war gargoyles (Vaults:5)
  21 very ugly things
  2 broodmothers (Spider:4)
  8 black draconians
  7 deep elf demonologists
  3 vampire knights
  6 eleionomae
  15 dire elephants
  A lorocyproca (Depths:2)
  9 purple draconians
  21 spark wasps
  8 deep elf annihilators (Elf:3)
  10 white draconians
  A minotaur (Gauntlet)
  7 green draconians
  14 yellow draconians
  4 bunyips
  12 red draconians
  10 ettins
  2 blizzard demons (Swamp:4)
  5 deep elf death magi
  A crystal guardian (Vaults:4)
  5 fire dragons
  Josephine (D:15)
  12 yaktaur captains
  2 jiangshi (Depths:1)
  4 ice dragons
  9 deep elf high priests
  A spriggan zombie (Depths:2)
  Erolcha (D:10)
  Fannar (Lair:1)
  5 entropy weavers
  9 hydras
  5 rakshasas
  4 peacekeepers
  34 vault guards
  6 jorogumos
  9 ironbound frosthearts
  6 ogre magi
  4 caustic shrike simulacra (IceCv)
  3 ghost crabs
  2 radroaches (Spider:4)
  5 alligators
  6 boulder beetles
  4 spriggan air magi
  15 centaur warriors
  A death knight (D:14)
  6 deep troll shamans
  23 two-headed ogres
  9 tengu warriors
  15 dancing weapons
  6 death yaks
  9 demonic crawlers
  7 deep troll earth magi
  A spriggan berserker (Depths:3)
  10 hell hogs (Depths:1)
  5 vampire magi
  15 hell knights
  2 soul eaters (Swamp:4)
  A spectral death yak (Lair:5)
  3 skeletal warriors (D:12)
  A skyshark (shapeshifter) (Depths:3)
  8 deep elf knights
  7 pharaoh ants
  A sixfirhy (Depths:2)
  3 skysharks
  3 goliath frogs
  A spectral anaconda (Lair:5)
  10 iron trolls
  3 bunyip zombies (Swamp:4)
  2 sun moths
  5 spriggan druids
  2 flayed ghosts
  4 death drakes
  67 deep trolls
  6 orb spiders
  An orb spider (shapeshifter) (D:15)
  7 bog bodies
  8 swamp dragons
  3 spriggan simulacra
  12 ironbound convokers
  7 lindwurms
  5 bunyip skeletons (Swamp:4)
  A lindwurm (shapeshifter) (Elf:1)
  6 steelbarb worms
  11 deep elf archers
  2 obsidian statues (IceCv)
  7 phantasmal warriors
  12 wizards
  5 harpies (Vaults:2)
  9 orc knights
  25 deep elf pyromancers
  23 wolf spiders
  5 will-o-the-wisps
  4 orc sorcerers
  A tengu skeleton (Vaults:3)
  13 necromancers
  5 cyclopes
  38 ugly things
  26 deep elf zephyrmancers
  2 oklob plants (Zot:3)
  A wolf spider (shapeshifter) (Vaults:5)
  4 manticores
  2 human zombies
  2 frost giant skeletons
  30 moths of wrath
  28 elephants
  A fire giant skeleton (Vaults:3)
  7 black mambas
  2 human skeletons
  Maurice (Orc:2)
  An elf zombie (Vaults:3)
  A rust devil (Depths:2)
  A dire elephant zombie (Lair:5)
  16 vault sentinels
  3 torpor snails
  An eye of devastation (Gauntlet)
  9 cane toads
  An eye of devastation (shapeshifter) (D:14)
  A gargoyle (D:11)
  3 orange demons (Swamp:4)
  12 komodo dragons
  2 minotaur zombies (Gauntlet)
  32 yaktaurs
  An unseen horror (D:11)
  4 kobold demonologists
  3 rime drakes
  4 tengu conjurers
  8 freezing wraiths
  An ice devil (IceCv)
  8 trolls
  A red devil (Depths:2)
  3 golden dragon simulacra (IceCv)
  4 polar bears
  A bloated husk (Swamp:1)
  A polar bear (shapeshifter) (D:13)
  9 meliai
  27 tarantellas
  23 hornets
  3 hellwings (Swamp:4)
  6 tyrant leeches
  A raiju (Spider:4)
  Prince Ribbit (D:5)
  2 spectral elephants (Lair:5)
  5 blink frogs (Lair:4)
  2 human simulacra
  A dream sheep (Lair:1)
  7 slime creatures
  32 jumping spiders
  3 water elementals
  22 culicivoras
  A centaur simulacrum (D:15)
  An air elemental (Elf:3)
  A shadow (D:10)
  A vampire (D:11)
  4 wraiths (D:15)
  A fire elemental (Elf:3)
  63 yaks
  A dire elephant simulacrum (Lair:5)
  14 spriggans
  6 wyverns
  3 hogs (Lair:4)
  6 basilisks
  4 chaos spawn
  49 redbacks
  2 neqoxecs (Swamp:4)
  18 swamp worms
  3 steam dragons
  6 vampire mosquitoes
  5 wargs
  3 hydra simulacra (IceCv)
  3 acid dragons
  2 floating eyes (Gauntlet)
  16 water moccasins
  26 orc warriors
  A swamp drake (Swamp:4)
  2 ettin simulacra (IceCv)
  3 ice beasts
  A sky beast (D:7)
  3 black bears
  An ice beast (shapeshifter) (Vaults:2)
  30 ogres
  32 wolves
  An elephant zombie (Lair:5)
  2 boggarts
  2 elephant skeletons (Lair:5)
  3 phantoms
  4 centaurs
  11 kobold brigands
  10 bullfrogs
  5 gnoll sergeants
  5 earth elementals
  A deep troll simulacrum (IceCv)
  4 scorpions
  2 glowing shapeshifter simulacra
  3 killer bees (D:9)
  2 elephant simulacra (Lair:5)
  A howler monkey (D:5)
  4 electric eels
  A crimson imp (D:8)
  3 hounds
  7 jellies
  10 orc priests
  A gnoll bouda (D:5)
  Terence (D:3)
  5 iguanas
  19 orc wizards
  7 adders
  22 gnolls
  2 river rats (Sewer)
  A white imp (D:8)
  An ufetubus (D:4)
  5 worms
  2 dart slugs (D:3)
  62 orcs
  8 endoplasms
  6 giant cockroaches
  7 goblins
  16 hobgoblins
  3 jackals
  2 quokkas (D:4)
  17 ball pythons
  9 bats
  A frilled lizard (D:3)
  30 kobolds
  10 rats
  A butterfly (Lair:4)
  A spectral weapon (Spider:2)
  A starspawn tentacle (Swamp:4)
2054 creatures vanquished.

Vanquished Creatures (collateral kills)
  A ghost moth (Spider:4)
  A deep elf annihilator (Elf:3)
  A deep elf death mage (Elf:3)
  A hydra (Lair:5)
  A deep troll (Vaults:2)
  An orb spider (Spider:4)
  A deep elf archer (Elf:3)
  A tengu conjurer (D:14)
  3 yaks
  An adder (D:4)
  2 goblins (D:9)
  A kobold (D:13)
15 creatures vanquished.

Vanquished Creatures (others)
  A sphinx (Vaults:4)
  5 acid blobs (Zot:3)
  A draconian scorcher (Zot:3)
  An ironbound preserver (Vaults:4)
  A formless jellyfish (Vaults:2)
  A dire elephant (Vaults:2)
  A black draconian (Zot:3)
  2 ironbound thunderhulks (Vaults:1)
  A spark wasp (Depths:1)
  3 yellow draconians (Zot:3)
  A yaktaur captain (Vaults:1)
  9 great orbs of eyes
  An ogre mage (Orc:2)
  A centaur warrior (Vaults:3)
  A shock serpent (shapeshifter) (Vaults:5)
  3 glowing orange brains
  2 deep elf knights
  5 deep trolls (Vaults:4)
  An orb spider (shapeshifter) (Vaults:5)
  A glowing orange brain (shapeshifter) (Vaults:5)
  3 wizards
  2 harpies (Vaults:2)
  A deep elf zephyrmancer (Elf:1)
  A wolf spider (Spider:1)
  2 deep elf pyromancers (Elf:3)
  An ugly thing (D:15)
  3 vault sentinels
  A yaktaur (Vaults:4)
  2 floating eyes
  A dream sheep (shapeshifter) (Depths:4)
  11 slime creatures
  A jumping spider (Spider:1)
  2 culicivoras (shapeshifter) (Vaults:5)
  A spriggan (Swamp:4)
  A human (Lair:4)
  2 redbacks
  A chaos spawn (Swamp:4)
  A floating eye (shapeshifter) (Vaults:5)
  A scorpion (Spider:3)
  217 jellies
  A worm (shapeshifter) (Elf:1)
  A butterfly (Lair:2)
  20 foxfires
  A starspawn tentacle (Swamp:4)
320 creatures vanquished.

Grand Total: 2389 creatures vanquished

Table legend: (Time is in decaauts)
 A = Elapsed time spent in this place.
 B = Non-inter-level travel time spent in this place.
 C = Inter-level travel time spent in this place.
 D = Time resting spent in this place.
 E = Time spent auto-exploring this place.
 F = Levels seen in this place.
 G = Mean time per level.
                   A        B        C        D        E       F      G
               +--------+--------+--------+--------+--------+-----+--------+
         Total |  50315 |  46037 |   4278 |   3697 |  30952 |  56 |  898.5 |
       Dungeon |  15107 |  13325 |   1782 |   1022 |  10139 |  15 | 1007.1 |
          Lair |   7811 |   6868 |    943 |    862 |   4680 |   5 | 1562.2 |
         Swamp |   2550 |   2380 |    170 |     94 |   1485 |   4 |  637.5 |
   Spider Nest |   4110 |   3958 |    152 |    227 |   2657 |   4 | 1027.5 |
    Slime Pits |    416 |    339 |     77 |      0 |    288 |   5 |   83.2 |
  Orcish Mines |   1545 |   1362 |    183 |    166 |    905 |   2 |  772.5 |
   Elven Halls |   2518 |   2396 |    122 |     76 |   1360 |   3 |  839.3 |
        Vaults |   5879 |   5396 |    483 |     78 |   3695 |   5 | 1175.8 |
        Depths |   3558 |   3252 |    306 |    201 |   2056 |   4 |  889.5 |
           Zot |   4626 |   4568 |     58 |    824 |   2456 |   5 |  925.2 |
         Sewer |    958 |    958 |      0 |      0 |    722 |   1 |  958.0 |
        Bailey |    395 |    395 |      0 |     32 |    198 |   1 |  395.0 |
      Ice Cave |    433 |    433 |      0 |     57 |    175 |   1 |  433.0 |
      Gauntlet |    403 |    403 |      0 |     53 |    131 |   1 |  403.0 |
               +--------+--------+--------+--------+--------+-----+--------+

Top non-repeatable levels by time:
  Lair:2: 1958 daAuts
  Lair:4: 1672 daAuts
  Lair:1: 1516 daAuts
  Lair:5: 1485 daAuts
     D:7: 1402 daAuts
Vaults:1: 1357 daAuts
Spider:2: 1345 daAuts
Vaults:5: 1341 daAuts
     D:8: 1336 daAuts
   Elf:3: 1286 daAuts
   Zot:2: 1192 daAuts
    D:15: 1189 daAuts
  Lair:3: 1177 daAuts
Depths:2: 1144 daAuts
    D:14: 1139 daAuts

Table legend:
 A = Non-vault XP
 B = Vault XP
 C = Vault XP percentage of total XP
 D = Non-vault monster count
 E = Vault monster count
 F = Vault count percentage of total count
                 A         B        C        D         E       F
            +---------+---------+-------+---------+---------+-------
      Total |  692997 |  555297 |  44.5 |    1326 |     748 |  36.1
            +---------+---------+-------+---------+---------+-------
        D:1 |      41 |       0 |   0.0 |      25 |       0 |   0.0
        D:2 |      70 |       0 |   0.0 |      20 |       0 |   0.0
        D:3 |     154 |      38 |  19.8 |      19 |       3 |  13.6
        D:4 |     176 |       9 |   4.9 |      22 |       4 |  15.4
        D:5 |     515 |     268 |  34.2 |      15 |       1 |   6.2
        D:6 |     816 |      11 |   1.3 |      13 |       8 |  38.1
        D:7 |    1099 |      84 |   7.1 |      27 |       1 |   3.6
        D:8 |    2498 |      57 |   2.2 |      21 |       2 |   8.7
        D:9 |    3941 |      30 |   0.8 |      23 |      11 |  32.4
       D:10 |    2730 |     882 |  24.4 |      18 |       1 |   5.3
       D:11 |    2396 |       0 |   0.0 |       9 |       0 |   0.0
       D:12 |    7595 |       0 |   0.0 |      21 |       0 |   0.0
       D:13 |    7607 |       0 |   0.0 |      22 |       0 |   0.0
       D:14 |    6596 |    7077 |  51.8 |      15 |      12 |  44.4
       D:15 |   19433 |    4228 |  17.9 |      40 |       9 |  18.4
     Lair:1 |    6349 |    5461 |  46.2 |      30 |       9 |  23.1
     Lair:2 |   11960 |    1893 |  13.7 |      37 |       7 |  15.9
     Lair:3 |    9990 |     418 |   4.0 |      43 |       1 |   2.3
     Lair:4 |   10609 |    5900 |  35.7 |      38 |      12 |  24.0
     Lair:5 |    9860 |   12720 |  56.3 |      22 |      29 |  56.9
    Swamp:1 |    9261 |       0 |   0.0 |      19 |       0 |   0.0
    Swamp:2 |    9573 |       0 |   0.0 |      17 |       0 |   0.0
    Swamp:3 |   16030 |    1447 |   8.3 |      27 |       1 |   3.6
    Swamp:4 |   13256 |   46095 |  77.7 |      29 |      55 |  65.5
   Spider:1 |   16104 |    2744 |  14.6 |      48 |       3 |   5.9
   Spider:2 |   20047 |    3651 |  15.4 |      39 |       2 |   4.9
   Spider:3 |   13208 |   15409 |  53.8 |      32 |      35 |  52.2
   Spider:4 |   17239 |   20311 |  54.1 |      32 |      44 |  57.9
      Orc:1 |    3331 |       0 |   0.0 |      35 |       0 |   0.0
      Orc:2 |    5499 |   14478 |  72.5 |      34 |      35 |  50.7
      Elf:1 |   16037 |    4821 |  23.1 |      26 |       9 |  25.7
      Elf:2 |   14437 |    1662 |  10.3 |      23 |       2 |   8.0
      Elf:3 |   16022 |   59035 |  78.7 |      27 |      60 |  69.0
   Vaults:1 |   25574 |    5311 |  17.2 |      30 |       5 |  14.3
   Vaults:2 |   24913 |   22507 |  47.5 |      35 |      36 |  50.7
   Vaults:3 |   19891 |   21516 |  52.0 |      28 |      34 |  54.8
   Vaults:4 |   19434 |   15255 |  44.0 |      30 |      22 |  42.3
   Vaults:5 |   45254 |   74154 |  62.1 |      55 |      68 |  55.3
   Depths:1 |   28364 |   54213 |  65.7 |      34 |      48 |  58.5
   Depths:2 |   17567 |   24751 |  58.5 |      23 |      19 |  45.2
   Depths:3 |   39831 |    8439 |  17.5 |      48 |       8 |  14.3
   Depths:4 |   41363 |   27377 |  39.8 |      40 |      16 |  28.6
      Zot:1 |   44117 |    2184 |   4.7 |      39 |       2 |   4.9
      Zot:2 |    7856 |    3814 |  32.7 |       6 |       2 |  25.0
      Zot:3 |   32746 |   16358 |  33.3 |      25 |      16 |  39.0
      Zot:4 |   38143 |   19362 |  33.7 |      33 |      15 |  31.2
      Zot:5 |   32549 |   34661 |  51.6 |      28 |      15 |  34.9
      Sewer |       0 |     868 | 100.0 |       0 |      28 | 100.0
     Bailey |       0 |    1070 | 100.0 |       0 |      23 | 100.0
      IceCv |       0 |   11285 | 100.0 |       0 |      24 | 100.0
   Gauntlet |     916 |    3443 |  79.0 |       4 |      11 |  73.3
            +---------+---------+-------+---------+---------+-------
